 Dungeon Crawl Stone Soup version 0.30.1-11-g7821555f0a (webtiles) character file.

Game seed: 1480231442757619268

30 Ijustatesigmund the Firebug (level 3, -1/20 HPs)
             Began as a Tengu Fire Elementalist on Dec 15, 2023.
             Slain by a quokka (4 damage)
             ... on level 2 of the Dungeon.
             The game lasted 00:02:16 (1132 turns).

Ijustatesigmund the Firebug (TeFE)                  Turns: 1132, Time: 00:02:17

Health: -1/20      AC:  2    Str:  8    XL:     3   Next: 18%
Magic:  3/7        EV: 12    Int: 17    God:
Gold:   38         SH:  0    Dex: 14    Spells: 4/7 levels left

rFire   . . .        g - +0 dagger
rCold   . . .        (no shield)
rNeg    . . .        a - +0 robe
rPois   .            (helmet restricted)
rElec   .            (no cloak)
rCorr   .            (no gloves)
SInv    .            (boots unavailable)
Will    .....        (no amulet)
Stlth   ++           (no ring)
HPRegen 0.23/turn    (no ring)
MPRegen 0.10/turn

%: no passive effects
@: very slightly contaminated
A: beak, talons 3
a: no special abilities


You were on level 2 of the Dungeon.
You visited 1 branch of the dungeon, and saw 2 of its levels.

You collected 38 gold pieces.

Inventory:

Hand Weapons
 g - a +0 dagger (weapon)
Armour
 a - a +0 robe (worn)
Scrolls
 c - 2 scrolls of vulnerability {unknown}
 d - 3 scrolls of identify {unknown}
 i - a scroll of magic mapping {unknown}
Potions
 b - a potion of magic
 e - 2 potions of flight {unknown}
 f - a potion of heal wounds {unknown}
 h - a potion of degeneration {unknown}


   Skills:
 + Level 1.3 Fighting
 - Level 2.1 Dodging
 - Level 2.0 Stealth
 + Level 2.5 Spellcasting
 - Level 1.3 Conjurations
 + Level 3.7 Fire Magic


You had 4 spell levels left.
You knew the following spells:

 Your Spells              Type           Power      Damage    Failure   Level
a - Foxfire               Conj/Fire      40%        2x1d6     6%          1
b - Scorch                Fire           30%        2d6       6%          2

Your spell library contained the following spells:

 Spells                   Type           Power      Damage    Failure   Level
 Sandblast                Erth           4%         2d4       19%         1
 Inner Flame              Hex/Fire       8%         N/A       26%         3
 Volatile Blastmotes      Fire/Tloc      16%        2d11      26%         3
 Passwall                 Tmut/Erth      1%         N/A       28%         2
 Stone Arrow              Conj/Erth      8%         3d7       38%         3
 Flame Wave               Conj/Fire      10%        2d6       54%         4


Dungeon Overview and Level Annotations

Branches:
Dungeon (2/15)

Altars:


Innate Abilities, Weirdness & Mutations

You have a beak for a mouth.
You have claws for feet.


Message History

The frilled lizard hisses angrily.
The endoplasm quivers.
The endoplasm hits you.
Casting: Foxfire (safe; 6% risk of failure)
Confirm with . or Enter, or press ? or * to list all spells.
You conjure some foxfire!
The quokka bites you. The endoplasm hits you.
The foxfire hits the quokka.
The quokka is moderately wounded.
The quokka misses you.
The foxfire hits the quokka.
The quokka is almost dead.
The quokka bites you. The endoplasm closely misses you.
Casting: Foxfire (safe; 6% risk of failure)
Confirm with . or Enter, or press ? or * to list all spells.
You miscast Foxfire.
You are very lightly contaminated with residual magic.
Nothing appears to happen.
The quokka closely misses you. The quokka barely misses you.
The endoplasm freezes you.
You are frozen.
Casting: Foxfire (safe; 6% risk of failure)
Confirm with . or Enter, or press ? or * to list all spells.
You conjure some foxfire!
The quokka misses you. The quokka closely misses you.
The endoplasm freezes you.
You are frozen.
The foxfire hits the quokka.
You kill the quokka!
The foxfire hits the endoplasm.
The endoplasm is heavily wounded.
The quokka bites you but does no damage.
The endoplasm barely misses you.
Unknown command.
Casting: Foxfire (safe; 6% risk of failure)
Confirm with . or Enter, or press ? or * to list all spells.
You conjure some foxfire!
The quokka bites you.
* * * LOW HITPOINT WARNING * * *
The endoplasm hits you.
* * * LOW HITPOINT WARNING * * *
The quokka bites you.
You die...

#... ... ...
..######## ....
...#....##...#
###... #........
#.##..... .........
.....#..###........
#......vvr......
####.###@l......
#..##.J......
##..#........
##.######### #...#
###.##### #.....#
#.....# ###.....#


You could see an endoplasm, a quokka (ally target) and a frilled lizard.

Vanquished Creatures
  A dart slug (D:1)
  3 endoplasms (D:1)
  2 goblins (D:1)
  5 hobgoblins (D:1)
  3 jackals (D:1)
  2 quokkas
  4 bats (D:1)
  2 kobolds
  2 rats (D:1)
24 creatures vanquished.

Vanquished Creatures (collateral kills)
  A foxfire (D:2)
1 creature vanquished.

Vanquished Creatures (others)
  69 foxfires
69 creatures vanquished.

Grand Total: 94 creatures vanquished

Notes
Turn   | Place    | Note
-------+----------+-------------------------------------------
     0 | D:1      | Ijustatesigmund the Tengu Fire Elementalist began the quest
                  | for the Orb.
     0 | D:1      | Reached XP level 1. HP: 10/10 MP: 4/4
   200 | D:1      | Reached XP level 2. HP: 16/16 MP: 1/6
   318 | D:1      | Reached skill level 1 in Fighting
   874 | D:1      | Reached XP level 3. HP: 19/20 MP: 0/7
   877 | D:1      | Learned a level 2 spell: Scorch
  1132 | D:2      | Slain by a quokka

Illustrated notes

Levels and vault maps discovered:
D:1:      psy_arrival_conway, layout_rooms
D:2:      layout_rooms, minivault_26, minmay_gold_behind_fungi,
          uniq_crazy_yiuf_cottage

Skill      XL: |  1  2 |
---------------+-------+-----
Fighting       | 1 |  1.3
Dodging        | |  2.1
Stealth        | |  2.0
Spellcasting   | |  2.5
Conjurations   | |  1.3
Fire Magic     | |  3.7

Action                     || total
---------------------------++-------
   Cast: Foxfire           ||    42
 Armour: Robe              ||     1
  Dodge: Dodged            ||    12
